 Dungeon Crawl Stone Soup version 0.31-a0-43-g46d131a48f (webtiles) character file.

Game seed: 12327097790429461366

32 IdlyInterested the Magician (level 3, -1/27 HPs)
             Began as a Demonspawn Wanderer on May 18, 2023.
             Succumbed to an adder's poison
             ... on level 2 of the Dungeon.
             The game lasted 00:05:52 (1505 turns).

IdlyInterested the Magician (Demonspawn Wanderer)   Turns: 1505, Time: 00:05:53

Health: -1/27      AC:  2    Str:  8    XL:     3   Next: 10%
Magic:  7/8        EV: 11    Int: 16    God:
Gold:   14         SH:  0    Dex: 15    Spells: 9/10 levels left

rFire   . . .        g - staff of death
rCold   . . .        (no shield)
rNeg    + . .        e - +0 robe
rPois   .            (no helmet)
rElec   .            (no cloak)
rCorr   .            (no gloves)
SInv    .            (no boots)
Will    .....        (no amulet)
Stlth   ++           (no ring)
HPRegen 0.24/turn    (no ring)
MPRegen 0.11/turn

%: no passive effects
@: lethally poisoned (-1 -> -10)
A: demonic guardian 1
a: no special abilities


You were on level 2 of the Dungeon.
You visited 1 branch of the dungeon, and saw 2 of its levels.

You collected 53 gold pieces.
You spent 39 gold pieces at shops.

Inventory:

Hand Weapons
 a - a +0 mace
 c - a +0 dagger
 h - a +0 short sword
 k - a +0 whip
Missiles
 b - 7 boomerangs (quivered)
 f - 27 stones
 i - 3 poisoned darts
Armour
 e - a +0 robe (worn)
 l - a +0 scale mail
Magical Staves
 g - a staff of death (weapon)
Scrolls
 d - a scroll of butterflies
 j - a scroll of identify
 m - 3 scrolls of teleportation
 n - a scroll of amnesia
 p - a scroll of vulnerability
Potions
 q - a potion of brilliance
 r - a potion of haste
 s - 2 potions of curing


   Skills:
 * Level 2.2 Fighting
 - Level 1.0 Ranged Weapons
 - Level 1.0 Throwing
 - Level 1.7 Armour
 - Level 1.0 Dodging
 - Level 1.0 Stealth
 - Level 4.0 Spellcasting
 + Level 0.6 Evocations


You had 9 spell levels left.
You knew the following spells:

 Your Spells              Type           Power      Damage    Failure   Level
a - Necrotise             Necr           16%        1d4       17%         1

Your spell library contained the following spells:

 Spells                   Type           Power      Damage    Failure   Level
 Magic Dart               Conj           12%        1d3       17%         1
 Call Imp                 Summ           6%         N/A       26%         2
 Static Discharge         Conj/Air       6%         2-3/arc   26%         2
 Mephitic Cloud           Conj/Pois/Air  3%         N/A       45%         3
 Ozocubu's Armour         Ice            3%         N/A       45%         3
 Vhi's Electric Charge    Tloc/Air       6%         N/A       45%         3


Dungeon Overview and Level Annotations

Branches:
Dungeon (2/15)

Altars:

Shops:
D:1 !


Innate Abilities, Weirdness & Mutations

A weak demonic guardian rushes to your aid.


Message History

The adder poisons you!
You hit the adder.
The adder is heavily wounded.
You feel sick. The adder closely misses you.
The adder bites you but does no damage.
You barely miss the adder.
The adder is heavily wounded.
You feel sick. The adder closely misses you.
You barely miss the adder.
The adder is heavily wounded.
You feel sick. The adder closely misses you. The adder barely misses you.
You hit the adder.
The adder is severely wounded.
You feel sick. The adder bites you.
You are more poisoned.
The adder poisons you! The adder closely misses you.
You hit the adder.
The adder is almost dead.
You feel sick. The adder barely misses you.
You barely miss the adder.
The adder is almost dead.
You feel sick. The adder closely misses you. The adder bites you.
You are more poisoned.
The adder poisons you!
You miss the adder.
The adder is almost dead.
You feel very sick. The adder bites you.
* * * LOW HITPOINT WARNING * * *
You are more poisoned.
The adder poisons you!
You closely miss the adder.
The adder is almost dead.
* * * LOW HITPOINT WARNING * * *
You feel very sick. The adder closely misses you. The adder bites you.
* * * LOW HITPOINT WARNING * * *
A demonic guardian appears!
You swap places.
You die...

..# #..##.# #### #.....#
#.# ##..### #.# ###..##
#.##### #.....## #.....#
#.##...# ##.....#
#.##.#.###
......#####.##.....#
#......S5@..###..#.#####
#......###### #........#
#......# #........#
#####.###.##
####........# #......# #
≈≈≈≈~~.......# #......#
≈≈≈≈≈~~~.....# #......#
#≈≈≈≈~~..†...# #......#
#≈~~≈≈......#
####..†...#
##~~~~.#.####


You could see an adder (ally target) and a friendly ufetubus (summoned).

Vanquished Creatures
  A bat (D:2)
  An endoplasm (D:2)
  4 goblins
  3 hobgoblins
  3 ball pythons
  A frilled lizard (D:2)
  3 kobolds
  A rat (D:2)
17 creatures vanquished.

Vanquished Creatures (collateral kills)
  An adder (D:2)
  A worm (D:2)
  A goblin (D:1)
3 creatures vanquished.

Grand Total: 20 creatures vanquished

Notes
Turn   | Place    | Note
-------+----------+-------------------------------------------
     0 | D:1      | IdlyInterested the Demonspawn Wanderer began the quest for
                  | the Orb.
     0 | D:1      | IdlyInterested set off with the following items: a +0
                  | sling, 7 boomerangs, a +0 dagger, a scroll of butterflies,
                  | a +0 robe; and the following spell memorised: Necrotise;
                  | and the following spells available to memorise: Static
                  | Discharge, Ozocubu's Armour, Vhi's Electric Charge.
     0 | D:1      | Reached XP level 1. HP: 13/13 MP: 5/5
    95 | D:1      | Found Lex Xirabiam's Distillery.
   252 | D:1      | Reached skill level 1 in Fighting
   321 | D:1      | Gained mutation: A weak demonic guardian rushes to your
                  | aid. [demonic ancestry]
   321 | D:1      | Reached XP level 2. HP: 7/21 MP: 4/7
  1026 | D:2      | Reached skill level 1 in Dodging
  1159 | D:2      | Reached XP level 3. HP: 17/27 MP: 8/8
  1201 | D:1      | Bought a potion of curing for 39 gold pieces
  1504 | D:2      | HP: 1/27 [adder (3)]
  1505 | D:2      | Succumbed to an adder's poison

Illustrated notes

Levels and vault maps discovered:
D:1:      dpeg_arrival_leaves_temple_mockup, layout_loops_ring, serial_shops,
          shop
D:2:      layout_rooms, serial_rivers, chequers_serial_rivers_micro_d,
          chequers_serial_rivers_micro_d, chequers_serial_rivers_small_b,
          chequers_serial_rivers_room_a, chequers_serial_rivers_large_a,
          uniq_robin

Skill      XL: |  1  2 |
---------------+-------+-----
Fighting       | 1 2 |  2.2
Dodging        | 1 |  1.0
Ranged Weapons | |  1.0
Throwing       | |  1.0
Armour         | |  1.7
Stealth        | |  1.0
Spellcasting   | |  4.0
Evocations     | |  0.6

Action                     || total
---------------------------++-------
  Melee: Staff             ||    72
         Punch             ||     2
   Fire: Sling             ||     1
  Throw: Boomerang         ||     4
   Cast: Necrotise         ||    22
    Use: Scroll            ||     6
   Stab: Distracted        ||     1
 Armour: Robe              ||    18
  Dodge: Dodged            ||    47

Table legend: (Time is in decaauts)
 A = Elapsed time spent in this place.
 B = Non-inter-level travel time spent in this place.
 C = Inter-level travel time spent in this place.
 D = Time resting spent in this place.
 E = Time spent auto-exploring this place.
 F = Levels seen in this place.
 G = Mean time per level.
                   A        B        C        D        E       F      G
               +--------+--------+--------+--------+--------+-----+--------+
         Total |   1522 |   1249 |    273 |    267 |    581 |   2 |  761.0 |
       Dungeon |   1522 |   1249 |    273 |    267 |    581 |   2 |  761.0 |
               +--------+--------+--------+--------+--------+-----+--------+

Top non-repeatable levels by time:
     D:1: 1142 daAuts
     D:2: 380 daAuts
